[Event "ESP chT Honor Division 2019"]
[Site "Melilla"]
[Date "2019.10.05"]
[Round "6.11"]
[White "Gonzalez De La Torre, Santiago"]
[Black "Martin Duque, Jesus"]
[Result "1-0"]
[ECO "B32"]
[WhiteElo "2423"]
[BlackElo "2445"]
[Annotator "ChessBase"]
[PlyCount "94"]
[EventDate "2019.09.30"]
[EventType "team-tourn"]
[EventCountry "ESP"]
[SourceTitle "playchess.com"]
[Source "ChessBase"]
[SourceQuality "1"]
[TimeControl "40/5400+30:1800+30"]

1. e4 c5 2. Nf3 Nc6 3. d4 cxd4 4. Nxd4 Qb6 5. Nb3 Nf6 6. Nc3 e6 7. a3 Be7 8. Bf4 O-O 9. Bd6 e5 10. Bc4 a5 11. O-O a4 12. Bxe7 Nxe7 13. Nd2 Rd8 14. Nf3 Ra5 15. Qd3 h6 16. Rad1 d6 17. Nb5 d5 18. Nxe5 Re8 19. exd5 Bf5 20. Qe3 Rxb5 21. Qxb6 Rxb6 22. d6 Ned5 23. d7 Nxd7 24. Nxd7 Bxd7 25. Rxd5 Bc6 26. Rf5 Re7 27. b4 Be4 28. Re1 Bxf5 29. Rxe7 Bxc2 30. Rxf7 Kh7 31. h3 Bg6 32. Rf8 h5 33. f4 Be4 34. f5 Rf6 35. Bg8+ Kh6 36. Rxf6+ gxf6 37. Be6 Kg7 38. Kf2 Kf8 39. g3 Ke7 40. Ke3 Bc2 41. Kf4 Kd6 42. g4 hxg4 43. h4 Ke7 44. h5 Kf8 45. Kxg4 Bd1+ 46. Kf4 Bc2 47. Ke3 Bd1 1-0

[Event "ESP chT Honor Division 2019"]
[Site "Melilla"]
[Date "2019.10.05"]
[Round "6.13"]
[White "Rakhmanov, Aleksandr"]
[Black "Cheparinov, Ivan"]
[Result "1/2-1/2"]
[ECO "D78"]
[WhiteElo "2621"]
[BlackElo "2670"]
[Annotator "RC"]
[PlyCount "65"]
[EventDate "2019.09.30"]
[EventType "team-tourn"]
[EventCountry "ESP"]
[SourceTitle "playchess.com"]
[Source "ChessBase"]
[SourceQuality "1"]
[TimeControl "40/5400+30:1800+30"]

1. d4 Nf6 2. Nf3 g6 3. g3 Bg7 4. Bg2 O-O 5. O-O d5 6. c4 c6 7. Qa4 Nbd7 8. cxd5 Nb6 9. Qb3 Qxd5 10. Qxd5 Nbxd5 11. Nbd2 a5 12. Nc4 a4 13. Rd1 Bf5 14. Bd2 Ne4 15. Be1 Nd6 16. Nfe5 Be6 17. Rac1 Nc7 18. a3 f6 19. Nxd6 exd6 20. Nc4 d5 21. Ne3 Rfe8 22. Bb4 Bh6 23. Bd2 Bf8 24. Nc2 Bg4 25. f3 Bf5 26. Bf1 Nb5 27. e3 Nd6 28. Kf2 h5 29. Bb4 Nf7 30. Bd2 Nd6 31. Bb4 Nf7 32. h3 g5 33. g4 1/2-1/2

[Event "ESP chT Honor Division 2019"]
[Site "Melilla"]
[Date "2019.10.05"]
[Round "6.14"]
[White "Predke, Alexandr"]
[Black "Peralta, Fernando"]
[Result "1-0"]
[ECO "E01"]
[WhiteElo "2657"]
[BlackElo "2569"]
[Annotator "ChessBase"]
[PlyCount "41"]
[EventDate "2019.09.30"]
[EventType "team-tourn"]
[EventCountry "ESP"]
[SourceTitle "playchess.com"]
[Source "ChessBase"]
[SourceQuality "1"]
[TimeControl "40/5400+30:1800+30"]

1. d4 Nf6 2. c4 e6 3. g3 d5 4. Bg2 Bb4+ 5. Nd2 O-O 6. Ngf3 b6 7. O-O Bb7 8. b3 Nbd7 9. Bb2 Rc8 10. e3 Bd6 11. Ne5 Qe7 12. cxd5 exd5 13. Ndc4 Ba6 14. Nxd6 cxd6 15. Nd3 Qe6 16. Nf4 Qf5 17. Qb1 Qxb1 18. Rfxb1 Rc2 19. Ba3 Rfc8 20. Bh3 g5 21. Bxd7 1-0

[Event "ESP chT Honor Division 2019"]
[Site "Melilla"]
[Date "2019.10.05"]
[Round "6.15"]
[White "Korneev, Oleg"]
[Black "Santos Latasa, Jaime"]
[Result "1/2-1/2"]
[ECO "C50"]
[WhiteElo "2504"]
[BlackElo "2580"]
[Annotator "ChessBase"]
[PlyCount "90"]
[EventDate "2019.09.30"]
[EventType "team-tourn"]
[EventCountry "ESP"]
[SourceTitle "playchess.com"]
[Source "ChessBase"]
[SourceQuality "1"]
[TimeControl "40/5400+30:1800+30"]

1. e4 e5 2. Nf3 Nc6 3. Bc4 Bc5 4. O-O Nf6 5. d3 d6 6. c3 h6 7. Nbd2 O-O 8. h3 a5 9. Re1 Be6 10. Bb5 Qb8 11. Nf1 Qa7 12. Be3 Bxe3 13. Nxe3 Qb6 14. a4 Ne7 15. Bc4 Bxc4 16. Nxc4 Qa6 17. b3 Ng6 18. Qc2 Rfe8 19. d4 exd4 20. Nxd4 Ne5 21. Nxe5 dxe5 22. Nf5 Rad8 23. Rad1 Qe6 24. c4 c5 25. Rxd8 Rxd8 26. Rd1 Rxd1+ 27. Qxd1 Kh7 28. f3 g6 29. Ne3 Qe7 30. Nd5 Qd6 31. Qd2 b6 32. g4 g5 33. Qh2 Kg7 34. h4 Nxd5 35. cxd5 Qf6 36. hxg5 Qxg5 37. Qe2 h5 38. Kf2 hxg4 39. fxg4 Kf8 40. Qf3 Qd2+ 41. Kg3 Ke7 42. Qf5 Qe1+ 43. Kg2 Qe2+ 44. Kg3 Qe1+ 45. Kg2 Qe2+ 1/2-1/2

[Event "ESP chT Honor Division 2019"]
[Site "Melilla"]
[Date "2019.10.05"]
[Round "6.16"]
[White "Perez Candelario, Manuel"]
[Black "Asis Gargatagli, Hipolito"]
[Result "1-0"]
[ECO "B90"]
[WhiteElo "2621"]
[BlackElo "2511"]
[Annotator "ChessBase"]
[PlyCount "55"]
[EventDate "2019.09.30"]
[EventType "team-tourn"]
[EventCountry "ESP"]
[SourceTitle "playchess.com"]
[Source "ChessBase"]
[SourceQuality "1"]
[TimeControl "40/5400+30:1800+30"]

1. e4 c5 2. Nf3 d6 3. d4 cxd4 4. Nxd4 Nf6 5. Nc3 a6 6. h4 h6 7. Bc4 e6 8. Be3 b5 9. Bb3 Bb7 10. Qe2 Nbd7 11. Nxe6 fxe6 12. Bxe6 Qa5 13. O-O O-O-O 14. Nd5 Nxd5 15. exd5 Kb8 16. Qg4 Ne5 17. Qd4 Nc4 18. a4 Nxe3 19. fxe3 Be7 20. Qxg7 Bxh4 21. axb5 Qxb5 22. Ra3 Bxd5 23. Bxd5 Qxd5 24. Rb3+ Ka8 25. Ra1 Qc6 26. Qd4 Rhg8 27. Qd5 Qxd5 28. Rxa6# 1-0

[Event "ESP chT Honor Division 2019"]
[Site "Melilla"]
[Date "2019.10.05"]
[Round "6.17"]
[White "Moskalenko, Viktor"]
[Black "Moreno Tejera, Emilio"]
[Result "1/2-1/2"]
[ECO "A45"]
[WhiteElo "2475"]
[BlackElo "2427"]
[Annotator "ChessBase"]
[PlyCount "74"]
[EventDate "2019.09.30"]
[EventType "team-tourn"]
[EventCountry "ESP"]
[SourceTitle "playchess.com"]
[Source "ChessBase"]
[SourceQuality "1"]
[TimeControl "40/5400+30:1800+30"]

1. d4 Nf6 2. Bg5 e6 3. e4 h6 4. Bxf6 Qxf6 5. Nc3 d6 6. Qd2 a6 7. g3 Nd7 8. f4 Qd8 9. Bg2 c5 10. d5 e5 11. Nf3 Qe7 12. O-O g6 13. fxe5 Nxe5 14. Nxe5 Qxe5 15. Qf2 Qd4 16. Qxd4 cxd4 17. Ne2 Bg7 18. Rad1 Bg4 19. Bf3 Bxf3 20. Rxf3 Rc8 21. Nxd4 Bxd4+ 22. Rxd4 Rxc2 23. Rb4 b5 24. Ra3 Ke7 25. Rxa6 Rhc8 26. Rxb5 Rc1+ 27. Kf2 R8c2+ 28. Ke3 Re1+ 29. Kf3 Rf1+ 30. Ke3 Re1+ 31. Kd3 Ree2 32. b3 Red2+ 33. Ke3 Re2+ 34. Kf3 Rf2+ 35. Ke3 Rfe2+ 36. Kd3 Red2+ 37. Ke3 Re2+ 1/2-1/2

[Event "ESP chT Honor Division 2019"]
[Site "Melilla"]
[Date "2019.10.05"]
[Round "6.18"]
[White "Bivol, Alina"]
[Black "Milliet, Sophie"]
[Result "1/2-1/2"]
[ECO "A20"]
[WhiteElo "2371"]
[BlackElo "2400"]
[Annotator "NA"]
[PlyCount "74"]
[EventDate "2019.09.30"]
[EventType "team-tourn"]
[EventCountry "ESP"]
[SourceTitle "playchess.com"]
[Source "ChessBase"]
[SourceQuality "1"]
[TimeControl "40/5400+30:1800+30"]

1. c4 e5 2. g3 c6 3. Bg2 d5 4. cxd5 cxd5 5. d3 Nc6 6. Nf3 Nf6 7. O-O Be7 8. Nbd2 O-O 9. e4 d4 10. Nc4 $15 Nd7 11. a4 f6 12. Ne1 Nc5 13. Bd2 Be6 14. Qc2 Na6 15. f4 Nab4 16. Bxb4 Nxb4 17. Qd2 Bxc4 18. dxc4 d3 19. Rd1 Qd4+ 20. Kh1 Qxc4 21. Qc3 Rac8 22. Qxc4+ Rxc4 23. Nxd3 Rd8 24. Nxb4 Rxb4 25. fxe5 fxe5 26. Bh3 Rxd1 27. Be6+ Kh8 28. Rxd1 Rb6 29. Bc8 Rd6 30. Rxd6 Bxd6 31. Bxb7 Kg8 32. Kg2 Kf7 33. h4 Bb4 34. Kf3 Kf6 35. g4 h6 36. Bc8 Be1 37. h5 a5 1/2-1/2

[Event "ESP chT Honor Division 2019"]
[Site "Melilla"]
[Date "2019.10.05"]
[Round "6.23"]
[White "Osmak, Iulija"]
[Black "Ibarra Jerez, Jose Carlos"]
[Result "1/2-1/2"]
[ECO "D51"]
[WhiteElo "2409"]
[BlackElo "2538"]
[Annotator "ChessBase"]
[PlyCount "60"]
[EventDate "2019.09.30"]
[EventType "team-tourn"]
[EventCountry "ESP"]
[SourceTitle "playchess.com"]
[Source "ChessBase"]
[SourceQuality "1"]
[TimeControl "40/5400+30:1800+30"]

1. d4 d5 2. c4 e6 3. Nc3 Nf6 4. Bg5 Nbd7 5. cxd5 exd5 6. e3 c6 7. Bd3 Be7 8. Nge2 Nh5 9. Bxe7 Qxe7 10. O-O O-O 11. Qb1 g6 12. b4 Nb6 13. b5 Ng7 14. bxc6 bxc6 15. Qc2 Bf5 16. Nf4 Rfe8 17. Rab1 Rac8 18. Na4 Nc4 19. Rb3 Bxd3 20. Nxd3 Nf5 21. Nac5 Qg5 22. Ne5 Nxe5 23. dxe5 Qe7 24. f4 d4 25. Ne4 Nxe3 26. Rxe3 dxe3 27. Nf6+ Kg7 28. Nxe8+ Qxe8 29. Re1 c5 30. Rxe3 Qe6 1/2-1/2

[Event "ESP chT Honor Division 2019"]
[Site "Melilla"]
[Date "2019.10.06"]
[Round "7.2"]
[White "Idani, Pouya"]
[Black "Anton Guijarro, David"]
[Result "1/2-1/2"]
[ECO "C45"]
[WhiteElo "2568"]
[BlackElo "2674"]
[Annotator "ChessBase"]
[PlyCount "47"]
[EventDate "2019.09.30"]
[EventType "team-tourn"]
[EventCountry "ESP"]
[SourceTitle "playchess.com"]
[Source "ChessBase"]
[SourceQuality "1"]
[TimeControl "40/5400+30:1800+30"]

1. e4 e5 2. Nf3 Nc6 3. d4 exd4 4. Nxd4 Nf6 5. Nxc6 bxc6 6. e5 Qe7 7. Qe2 Nd5 8. c4 Ba6 9. b3 g6 10. Ba3 Nb4 11. Bb2 Bg7 12. a3 Nd5 13. Nd2 O-O 14. O-O-O Rfe8 15. Qf3 Nb6 16. Ne4 Bxe5 17. Bxe5 Qxe5 18. Nf6+ Kf8 19. Nxe8 Qa1+ 20. Kc2 Qa2+ 21. Kc1 Qa1+ 22. Kc2 Qa2+ 23. Kc1 Qa1+ 24. Kc2 1/2-1/2

[Event "ESP chT Honor Division 2019"]
[Site "Melilla"]
[Date "2019.10.06"]
[Round "7.4"]
[White "Suarez Real, Alberto"]
[Black "Lopez Martinez, Josep Manuel"]
[Result "0-1"]
[ECO "B96"]
[WhiteElo "2460"]
[BlackElo "2573"]
[Annotator "ChessBase"]
[PlyCount "74"]
[EventDate "2019.09.30"]
[EventType "team-tourn"]
[EventCountry "ESP"]
[SourceTitle "playchess.com"]
[Source "ChessBase"]
[SourceQuality "1"]
[TimeControl "40/5400+30:1800+30"]

1. e4 c5 2. Nf3 d6 3. d4 cxd4 4. Nxd4 Nf6 5. Nc3 a6 6. Bg5 e6 7. f4 h6 8. Bh4 Qb6 9. a3 Nbd7 10. Bf2 Qa5 11. Qe2 e5 12. Nb3 Qc7 13. f5 b5 14. g4 Bb7 15. O-O-O Rc8 16. Bg2 Nb6 17. Na5 Ba8 18. Kb1 Be7 19. Bf3 Nc4 20. Nxc4 Qxc4 21. Rd3 Rb8 22. b3 Qc7 23. h4 b4 24. axb4 Rxb4 25. g5 Nd7 26. Nd5 Bxd5 27. Rxd5 hxg5 28. hxg5 Rxh1+ 29. Bxh1 Bxg5 30. Qxa6 Rxb3+ 31. cxb3 Qc1+ 32. Ka2 Qc2+ 33. Ka1 Bd2 34. Rxd2 Qc1+ 35. Ka2 Qxd2+ 36. Ka3 Qxf2 37. Qxd6 Qf1 0-1

[Event "ESP chT Honor Division 2019"]
[Site "Melilla"]
[Date "2019.10.06"]
[Round "7.5"]
[White "Ibarra Jerez, Jose Carlos"]
[Black "Ortega Hermida, Daniel"]
[Result "1/2-1/2"]
[ECO "A05"]
[WhiteElo "2538"]
[BlackElo "2341"]
[Annotator "ChessBase"]
[PlyCount "67"]
[EventDate "2019.09.30"]
[EventType "team-tourn"]
[EventCountry "ESP"]
[SourceTitle "playchess.com"]
[Source "ChessBase"]
[SourceQuality "1"]
[TimeControl "40/5400+30:1800+30"]

1. Nf3 Nf6 2. g3 e6 3. Bg2 d5 4. O-O Be7 5. c4 O-O 6. b3 a5 7. Nc3 d4 8. Nb5 c5 9. e3 Nc6 10. exd4 cxd4 11. Re1 d3 12. Bb2 Bd7 13. Qb1 Bc5 14. Qxd3 Nb4 15. Qb1 Bxb5 16. d4 Be7 17. cxb5 a4 18. a3 Nbd5 19. Qd3 axb3 20. Qxb3 Qa5 21. Qd3 Qa4 22. Rec1 Rfd8 23. Bf1 Ne8 24. Rcb1 Nd6 25. Bc1 Rac8 26. Qb3 Nb6 27. Bd2 Nf5 28. Ra2 Bf6 29. Qxa4 Nxa4 30. Rc1 Rxc1 31. Bxc1 Nxd4 32. Nxd4 Bxd4 33. Rc2 Nc5 34. Kg2 1/2-1/2

[Event "ESP chT Honor Division 2019"]
[Site "Melilla"]
[Date "2019.10.06"]
[Round "7.9"]
[White "Santos Latasa, Jaime"]
[Black "Forcen Esteban, Daniel"]
[Result "1-0"]
[ECO "A54"]
[WhiteElo "2580"]
[BlackElo "2568"]
[Annotator "ChessBase"]
[PlyCount "43"]
[EventDate "2019.09.30"]
[EventType "team-tourn"]
[EventCountry "ESP"]
[SourceTitle "playchess.com"]
[Source "ChessBase"]
[SourceQuality "1"]
[TimeControl "40/5400+30:1800+30"]

1. d4 Nf6 2. c4 d6 3. Nc3 e5 4. Nf3 exd4 5. Nxd4 g6 6. e4 Bg7 7. Be2 O-O 8. O-O Re8 9. f3 Nc6 10. Be3 Nh5 11. Qd2 Nf4 12. Kh1 Nxd4 13. Bxd4 Be5 14. Rad1 Be6 15. Rfe1 Nxe2 16. Qxe2 Qh4 17. Bxe5 dxe5 18. Nd5 Rac8 19. g3 Qg5 20. Qf2 c6 21. f4 Qd8 22. Ne3 1-0

[Event "ESP chT Honor Division 2019"]
[Site "Melilla"]
[Date "2019.10.06"]
[Round "7.11"]
[White "Moreno Tejera, Emilio"]
[Black "Gines Esteo, Pedro Antonio"]
[Result "0-1"]
[ECO "B12"]
[WhiteElo "2427"]
[BlackElo "2451"]
[Annotator "ChessBase"]
[PlyCount "82"]
[EventDate "2019.09.30"]
[EventType "team-tourn"]
[EventCountry "ESP"]
[SourceTitle "playchess.com"]
[Source "ChessBase"]
[SourceQuality "1"]
[TimeControl "40/5400+30:1800+30"]

1. e4 c6 2. d4 d5 3. e5 Bf5 4. Be3 e6 5. Nd2 Nd7 6. c3 Ne7 7. f4 h5 8. Ngf3 Bg4 9. h3 Nf5 10. Bf2 Bxf3 11. Nxf3 h4 12. Bd3 g6 13. O-O Be7 14. b3 Qa5 15. c4 Qa3 16. Qc2 Bd8 17. Rab1 Nb8 18. cxd5 cxd5 19. Bb5+ Nd7 20. b4 Ne3 21. Bxe3 Qxe3+ 22. Kh1 a6 23. Qa4 axb5 24. Qxa8 O-O 25. Qxb7 Nb6 26. Qc6 Nc4 27. Rbe1 Qxf4 28. Qxb5 Ne3 29. Rf2 Nf5 30. Qd3 Bb6 31. Qd2 Qg3 32. a4 Rc8 33. a5 Bd8 34. Rff1 g5 35. Rc1 Rb8 36. Rc3 g4 37. Nh2 Qxc3 38. Qxc3 Ng3+ 39. Kg1 Ne2+ 40. Kh1 Nxc3 41. Nxg4 Kg7 0-1

[Event "ESP chT Honor Division 2019"]
[Site "Melilla"]
[Date "2019.10.06"]
[Round "7.12"]
[White "Osmak, Iulija"]
[Black "Bivol, Alina"]
[Result "1-0"]
[ECO "A45"]
[WhiteElo "2409"]
[BlackElo "2371"]
[Annotator "ChessBase"]
[PlyCount "91"]
[EventDate "2019.09.30"]
[EventType "team-tourn"]
[EventCountry "ESP"]
[SourceTitle "playchess.com"]
[Source "ChessBase"]
[SourceQuality "1"]
[TimeControl "40/5400+30:1800+30"]

1. d4 Nf6 2. Bf4 g6 3. e3 d6 4. Be2 Bg7 5. Nf3 Nbd7 6. h3 b6 7. a4 O-O 8. a5 bxa5 9. Nbd2 c5 10. Nb3 a4 11. Rxa4 Nb6 12. Ra3 cxd4 13. exd4 Nbd5 14. Bd2 Ne4 15. Ba5 Qd7 16. Nfd2 f5 17. O-O Bb7 18. Nxe4 fxe4 19. Bd2 e3 20. fxe3 Rxf1+ 21. Bxf1 Nf6 22. Na5 Be4 23. Bd3 Rf8 24. Qe2 Kh8 25. Ra1 Rb8 26. Nc4 Qb7 27. b3 Nh5 28. Kh2 Nf6 29. Be1 h6 30. Nd2 Bxd3 31. Qxd3 e5 32. Qxg6 exd4 33. exd4 Rg8 34. Bg3 Re8 35. Bh4 Rf8 36. Rf1 Nh7 37. Rxf8+ Nxf8 38. Qxd6 Qf7 39. Nf3 Ne6 40. Bg3 Bf8 41. Ne5 Qf5 42. Qd7 Bg7 43. Nf7+ Kg8 44. d5 Nd4 45. Qxf5 Nxf5 46. Nd8 1-0

[Event "ESP chT Honor Division 2019"]
[Site "Melilla"]
[Date "2019.10.06"]
[Round "7.14"]
[White "Peralta, Fernando"]
[Black "Vazquez Igarza, Renier"]
[Result "1/2-1/2"]
[ECO "E00"]
[WhiteElo "2569"]
[BlackElo "2557"]
[Annotator "ChessBase"]
[PlyCount "61"]
[EventDate "2019.09.30"]
[EventType "team-tourn"]
[EventCountry "ESP"]
[SourceTitle "playchess.com"]
[Source "ChessBase"]
[SourceQuality "1"]
[TimeControl "40/5400+30:1800+30"]

1. d4 e6 2. c4 Bb4+ 3. Bd2 a5 4. Nc3 d5 5. e3 Nf6 6. Nf3 O-O 7. Bd3 Nbd7 8. O-O b6 9. Rc1 Bb7 10. Qe2 Ne4 11. Rfd1 Nxd2 12. Rxd2 Nf6 13. Rdd1 dxc4 14. Bxc4 Qe7 15. a3 Bxc3 16. Rxc3 Rfd8 17. Rcc1 c5 18. Bb5 Rdc8 19. h3 h6 20. Ne5 cxd4 21. Nc6 Bxc6 22. Bxc6 Rab8 23. Rxd4 b5 24. Rdd1 b4 25. a4 Rd8 26. Rxd8+ Qxd8 27. Bf3 Rc8 28. Rxc8 Qxc8 29. Qd1 Qc7 30. g3 g6 31. Kg2 1/2-1/2

[Event "ESP chT Honor Division 2019"]
[Site "Melilla"]
[Date "2019.10.06"]
[Round "7.15"]
[White "Moreno Ruiz, Javier"]
[Black "Korneev, Oleg"]
[Result "0-1"]
[ECO "D35"]
[WhiteElo "2470"]
[BlackElo "2504"]
[Annotator "ChessBase"]
[PlyCount "77"]
[EventDate "2019.09.30"]
[EventType "team-tourn"]
[EventCountry "ESP"]
[SourceTitle "playchess.com"]
[Source "ChessBase"]
[SourceQuality "1"]
[TimeControl "40/5400+30:1800+30"]

1. d4 d5 2. c4 e6 3. Nc3 Nf6 4. cxd5 exd5 5. Bg5 Be7 6. e3 c6 7. Bd3 Nbd7 8. Qc2 Nh5 9. Bxe7 Qxe7 10. O-O-O g6 11. Nf3 Nb6 12. h3 Be6 13. Kb1 Ng7 14. g4 O-O-O 15. Na4 Nxa4 16. Qxa4 Kb8 17. Be2 Ne8 18. Rd3 Nd6 19. Ra3 Nc8 20. Rc1 Rd7 21. Ne5 Rc7 22. Rcc3 h5 23. f4 hxg4 24. hxg4 Rh1+ 25. Rc1 Rxc1+ 26. Kxc1 g5 27. f5 f6 28. Nd3 Bxf5 29. gxf5 Qxe3+ 30. Kd1 Re7 31. Nc1 Qg1+ 32. Kd2 Qf2 33. Qb4 g4 34. Qc3 Nd6 35. Kd1 Nxf5 36. Qc5 a6 37. Qb6 g3 38. Qd8+ Ka7 39. Rf3 0-1

[Event "ESP chT Honor Division 2019"]
[Site "Melilla"]
[Date "2019.10.06"]
[Round "7.16"]
[White "Asis Gargatagli, Hipolito"]
[Black "Suarez Uriel, Adrian"]
[Result "1-0"]
[ECO "E76"]
[WhiteElo "2511"]
[BlackElo "2392"]
[Annotator "ChessBase"]
[PlyCount "79"]
[EventDate "2019.09.30"]
[EventType "team-tourn"]
[EventCountry "ESP"]
[SourceTitle "playchess.com"]
[Source "ChessBase"]
[SourceQuality "1"]
[TimeControl "40/5400+30:1800+30"]

1. c4 Nf6 2. Nc3 g6 3. e4 d6 4. d4 Bg7 5. f4 Na6 6. Nf3 O-O 7. Bd3 Bg4 8. O-O e5 9. fxe5 dxe5 10. d5 c6 11. Be3 Rc8 12. Rc1 cxd5 13. cxd5 Nc5 14. Bb1 a6 15. h3 Bxf3 16. Qxf3 Ne8 17. b4 Nd7 18. Na4 Rxc1 19. Rxc1 Nd6 20. Nc5 Qe7 21. a4 Rc8 22. a5 Nb5 23. Rf1 Nd6 24. Ba2 Nf8 25. Qg4 h5 26. Qg3 Nh7 27. Bb3 Bf6 28. Kh1 Bg5 29. Bg1 Bd2 30. Ne6 Bc3 31. Bc5 Nxe4 32. Qxc3 Rxc5 33. Qxe5 fxe6 34. Qxe4 Rc7 35. Qxg6+ Kh8 36. dxe6 h4 37. Bc2 Qxb4 38. Qe8+ Kg7 39. Rf7+ Kh6 40. Rxh7+ 1-0

[Event "ESP chT Honor Division 2019"]
[Site "Melilla"]
[Date "2019.10.06"]
[Round "7.17"]
[White "Martin Duque, Jesus"]
[Black "Moskalenko, Viktor"]
[Result "1-0"]
[ECO "C11"]
[WhiteElo "2445"]
[BlackElo "2475"]
[Annotator "ChessBase"]
[PlyCount "101"]
[EventDate "2019.09.30"]
[EventType "team-tourn"]
[EventCountry "ESP"]
[SourceTitle "playchess.com"]
[Source "ChessBase"]
[SourceQuality "1"]
[TimeControl "40/5400+30:1800+30"]

1. e4 e6 2. d4 d5 3. Nc3 Nf6 4. e5 Nfd7 5. f4 c5 6. Nf3 Nc6 7. Be3 a6 8. Qd2 b5 9. dxc5 Bxc5 10. Bd3 Qb6 11. Bf2 b4 12. Na4 Bxf2+ 13. Qxf2 Qxf2+ 14. Kxf2 Ke7 15. Rhc1 Bb7 16. c4 bxc3 17. bxc3 Rhb8 18. Rab1 Bc8 19. Nd4 Nxd4 20. cxd4 Rxb1 21. Rxb1 h6 22. Ke3 Rb8 23. Rxb8 Nxb8 24. Nc5 Kd8 25. g4 a5 26. Nb3 a4 27. Nc5 a3 28. Bb5 g5 29. fxg5 hxg5 30. Kd3 Ke7 31. Kc3 f6 32. Kb4 fxe5 33. dxe5 Bd7 34. Nxd7 Nxd7 35. Bxd7 Kxd7 36. Kxa3 Kc6 37. Kb4 Kb6 38. a4 Ka6 39. a5 Ka7 40. Kb5 Kb7 41. a6+ Kb8 42. h4 gxh4 43. g5 h3 44. g6 h2 45. g7 h1=Q 46. g8=Q+ Kc7 47. Qf7+ Kd8 48. Qf8+ Kd7 49. Qd6+ Kc8 50. Qc6+ Kd8 51. a7 1-0

[Event "ESP chT Honor Division 2019"]
[Site "Melilla"]
[Date "2019.10.06"]
[Round "7.18"]
[White "Milliet, Sophie"]
[Black "Di Benedetto, Desiree"]
[Result "1-0"]
[ECO "C11"]
[WhiteElo "2400"]
[BlackElo "2235"]
[Annotator "ChessBase"]
[PlyCount "79"]
[EventDate "2019.09.30"]
[EventType "team-tourn"]
[EventCountry "ESP"]
[SourceTitle "playchess.com"]
[Source "ChessBase"]
[SourceQuality "1"]
[TimeControl "40/5400+30:1800+30"]

1. e4 e6 2. d4 d5 3. Nc3 Nf6 4. e5 Nfd7 5. f4 c5 6. Nf3 Nc6 7. Be3 cxd4 8. Nxd4 Bc5 9. Qd2 O-O 10. O-O-O a6 11. Nb3 Be7 12. g4 b5 13. Rg1 Bb7 14. Rg3 Qc7 15. Rh3 Rfc8 16. Bd3 g6 17. Qf2 Nb4 18. Kb1 Nxd3 19. cxd3 b4 20. Na4 d4 21. Bxd4 Qc6 22. Nb6 Nxb6 23. Bxb6 a5 24. f5 a4 25. Na5 Rxa5 26. Bxa5 b3 27. Bc3 bxa2+ 28. Ka1 a3 29. Rf1 axb2+ 30. Bxb2 exf5 31. gxf5 Qd5 32. e6 Rf8 33. f6 Bc5 34. Qf4 Qg2 35. Rg3 Qe2 36. Rc1 Ra8 37. exf7+ Kf8 38. Qh6+ Kxf7 39. Qxh7+ Ke6 40. Qxb7 1-0

[Event "ESP chT Honor Division 2019"]
[Site "Melilla"]
[Date "2019.10.06"]
[Round "7.21"]
[White "Santos Ruiz, Miguel"]
[Black "Paehtz, Elisabeth"]
[Result "1/2-1/2"]
[ECO "C09"]
[WhiteElo "2560"]
[BlackElo "2489"]
[Annotator "ChessBase"]
[PlyCount "71"]
[EventDate "2019.09.30"]
[EventType "team-tourn"]
[EventCountry "ESP"]
[SourceTitle "playchess.com"]
[Source "ChessBase"]
[SourceQuality "1"]
[TimeControl "40/5400+30:1800+30"]

1. e4 e6 2. d4 d5 3. Nd2 c5 4. Ngf3 Nc6 5. exd5 exd5 6. Bb5 Qe7+ 7. Be2 Qc7 8. O-O Nf6 9. Re1 Be6 10. Bd3 Be7 11. dxc5 Bxc5 12. Nb3 Bb6 13. Be3 O-O 14. h3 Bxe3 15. Rxe3 Rfe8 16. Qd2 Bd7 17. Rae1 Rxe3 18. Rxe3 Re8 19. a3 Qb6 20. Rxe8+ Bxe8 21. Qf4 Nd8 22. Qb4 Qxb4 23. axb4 Kf8 24. Kf1 Ke7 25. Ke2 Ne6 26. g3 Bd7 27. h4 g6 28. Nbd4 Kd6 29. c3 a6 30. Kd2 Ng4 31. Ke1 Be8 32. Ke2 Nf6 33. Kd2 Ng4 34. Ke1 Nf6 35. Ne2 Ng4 36. Ned4 {[%emt 0:05:20] Ke5} 1/2-1/2

[Event "ESP chT Honor Division 2019"]
[Site "Melilla"]
[Date "2019.10.06"]
[Round "7.22"]
[White "Franco Alonso, Alejandro"]
[Black "Tejedor Fuente, Enrique"]
[Result "1/2-1/2"]
[ECO "E44"]
[WhiteElo "2384"]
[BlackElo "2453"]
[Annotator "ChessBase"]
[PlyCount "89"]
[EventDate "2019.09.30"]
[EventType "team-tourn"]
[EventCountry "ESP"]
[SourceTitle "playchess.com"]
[Source "ChessBase"]
[SourceQuality "1"]
[TimeControl "40/5400+30:1800+30"]

1. d4 Nf6 2. c4 e6 3. Nc3 Bb4 4. e3 b6 5. Nge2 Ne4 6. Qc2 f5 7. a3 Bxc3+ 8. Nxc3 Nxc3 9. Qxc3 Bb7 10. b4 O-O 11. Bb2 d6 12. d5 e5 13. Bd3 Nd7 14. O-O Rf7 15. f4 Qf8 16. Bc2 Rc8 17. Rad1 e4 18. Qd4 Kh8 19. h3 Qe7 20. Ba4 Nf6 21. Rd2 h6 22. Bd1 Rg8 23. g4 Kh7 24. Rg2 g6 25. g5 hxg5 26. Rxg5 Kg7 27. Rf2 Rff8 28. Rfg2 Kf7 29. h4 Rg7 30. Bh5 Nxh5 31. Rxh5 Ke8 32. Rhg5 Rh7 33. Rh2 Kd8 34. Bc3 Bc8 35. Be1 Bd7 36. a4 Be8 37. Bc3 Qd7 38. b5 a5 39. Be1 Rfh8 40. Bc3 Rf8 41. Kf2 Qe7 42. Qd2 Kc8 43. Ke1 Rh6 44. Qg2 Qh7 45. Qg3 1/2-1/2

[Event "ESP chT Honor Division 2019"]
[Site "Melilla"]
[Date "2019.10.06"]
[Round "7.24"]
[White "Argandona Riveiro, Inigo"]
[Black "Arabidze, Meri"]
[Result "0-1"]
[ECO "C58"]
[WhiteElo "2413"]
[BlackElo "2398"]
[Annotator "ChessBase"]
[PlyCount "64"]
[EventDate "2019.09.30"]
[EventType "team-tourn"]
[EventCountry "ESP"]
[SourceTitle "playchess.com"]
[Source "ChessBase"]
[SourceQuality "1"]
[TimeControl "40/5400+30:1800+30"]

1. e4 e5 2. Nf3 Nc6 3. Bc4 Nf6 4. Ng5 d5 5. exd5 Na5 6. Bb5+ c6 7. dxc6 bxc6 8. Qf3 Be7 9. Bd3 h6 10. Ne4 Nd5 11. O-O Nf4 12. Re1 Nxd3 13. cxd3 O-O 14. b3 f5 15. Nec3 Bb7 16. Rxe5 c5 17. Qh3 Bd6 18. Re3 Nc6 19. Nb5 Be5 20. N1c3 Bd4 21. Bb2 Bxe3 22. dxe3 Qxd3 23. Qg3 Rad8 24. h3 f4 25. exf4 Qxg3 26. fxg3 Rd2 27. Bc1 Rc2 28. Nd6 Ba8 29. Nce4 Nd4 30. Kf1 Bxe4 31. Nxe4 Re8 32. Nd2 Ne2 0-1